 Dungeon Crawl Stone Soup version 0.25-a0-589-g1e14c54 (webtiles) character file.

Game seed: 5643754311770059626, levelgen mode: deterministic

38411 BlueFish the Fencer (level 13, -2/119 HPs)
             Began as a Minotaur Fighter on Mar 11, 2020.
             Was a High Priest of Yredelemnul.
             Splashed by an oklob plant's acid (15 damage)
             ... on level 5 of the Lair of Beasts.
             The game lasted 00:33:40 (19043 turns).

BlueFish the Fencer (Minotaur Fighter)             Turns: 19043, Time: 00:33:41

Health: -2/119     AC:  2    Str: 22    XL:     13   Next: 63%
Magic:  18/18      EV: 10    Int:  5    God:    Yredelemnul [*****.]
Gold:   1815       SH:  0    Dex: 19    Spells: 12/12 levels left

rFire    . . .     SeeInvis +   a - +1 long sword (vamp)
rCold    . . .     Gourm    .   L - +0 buckler
rNeg     . . .     Faith    .   H - +0 plate armour
rPois    .         Spirit   .   (helmet restricted)
rElec    .         Reflect  .   (no cloak)
rCorr    .         Harm     .   y - +0 pair of gloves
MR       .....                  (no boots)
Stlth    ..........             U - amulet of regeneration
HPRegen  0.69/turn              o - ring of see invisible
MPRegen  0.16/turn              I - +5 ring of dexterity

@: confused, corroded
A: retaliatory headbutt, horns 2
a: Recall Undead Slaves, Injury Mirror, Animate Dead, Drain Life, Enslave Soul,
Renounce Religion


You were on level 5 of the Lair of Beasts.
You worshipped Yredelemnul.
Yredelemnul was extremely pleased with you.
You were not hungry.

You visited 3 branches of the dungeon, and saw 17 of its levels.
You also visited: Sewer.

You collected 1815 gold pieces.

Inventory:

Hand Weapons
 a - a +1 vampiric long sword (weapon)
 b - a +0 vampiric dagger
 C - a +2 long sword of holy wrath
 J - a +5 falchion of freezing
 Q - a -2 falchion
 T - a +2 vorpal great sword
Armour
 c - a +0 kite shield
 y - a +0 pair of gloves (worn)
 H - a +0 plate armour (worn)
 L - a +0 buckler (worn)
Jewellery
 e - an uncursed ring of magical power
 j - an uncursed amulet of the gourmand
 o - a ring of see invisible (left hand)
 I - a +5 ring of dexterity (right hand)
 P - a +3 amulet of reflection
 U - an amulet of regeneration (around neck)
Wands
 t - a wand of iceblast (9)
 u - a wand of disintegration (57)
 K - a wand of flame (26)
 O - a wand of digging (4)
 S - a wand of polymorph (18)
Scrolls
 i - 9 scrolls of teleportation
 k - a scroll of summoning
 p - a scroll of identify
 q - 13 scrolls of remove curse
 r - 3 scrolls of enchant weapon
 s - 3 scrolls of amnesia
 v - 4 scrolls of blinking
 z - 3 scrolls of fear
 B - a scroll of noise
 D - a scroll of enchant armour
 M - 4 scrolls of fog
 R - a scroll of magic mapping
Potions
 d - 3 potions of might
 g - a potion of brilliance {unknown}
 h - 10 potions of curing
 l - 3 potions of invisibility {unknown}
 m - 5 potions of flight
 n - 6 potions of lignification
 w - 2 potions of cancellation {unknown}
 x - 3 potions of ambrosia
 A - 4 potions of magic {unknown}
 E - 3 potions of resistance {unknown}
 F - 2 potions of stabbing {unknown}
 G - a potion of berserk rage {unknown}
 N - 3 potions of haste {unknown}
Comestibles
 f - 30 rations


   Skills:
 * Level 12.7 Fighting
 + Level 2.3(10.4) Short Blades
 * Level 16.2(16.3) Long Blades
 * Level 14.5 Armour
 + Level 3.9 Dodging
 * Level 6.6 Shields
 * Level 8.2 Invocations


You had 12 spell levels left.
You didn't know any spells.
Your spell library contained the following spells:

 Spells                   Type           Power        Failure   Level  Hunger
 Foxfire                  Conj/Fire      #...         99%         1    ##.....
 Magic Dart               Conj           #...         99%         1    ##.....
 Summon Small Mammal      Summ           #...         99%         1    ##.....
 Call Imp                 Summ           #.......     100%        2    ###....
 Searing Ray              Conj           #.....       100%        2    ###....
 Call Canine Familiar     Summ           #.......     100%        3    ####...
 Conjure Flame            Conj/Fire      #.......     100%        3    ####...
 Dazzling Flash           Conj/Hex       #.....       100%        3    ####...
 Inner Flame              Hex/Fire       #.......     100%        3    ####...
 Summon Guardian Golem    Hex/Summ       #.......     100%        3    ####...
 Fulminant Prism          Conj/Hex       #.........   100%        4    #####..
 Iskenderun's Mystic Bla  Conj/Tloc      #.......     100%        4    #####..
 Sticky Flame             Conj/Fire      #.......     100%        4    #####..
 Summon Ice Beast         Ice/Summ       #.......     100%        4    #####..
 Summon Lightning Spire   Summ/Air       #.......     100%        4    #####..
 Fireball                 Conj/Fire      #.........   100%        5    ######.


Dungeon Overview and Level Annotations

Branches:
Dungeon (11/15)            Temple (1/1) D:6            Lair (5/6) D:9
  Swamp (0/4) Lair:2       Spider (0/4) Lair:2          Orc (0/2) D:10
  Sewer (visited)
  Slime: Lair:5-6

Altars:
Ashenzari
Cheibriados
Dithmenos
Elyvilon
Fedhas
Gozag
Hepliaklqana
Kikubaaqudgha
Makhleb
Nemelex Xobeh
Okawaru
Qazlal
Ru
Sif Muna
Trog
Uskayaw
Vehumet
Wu Jian
Xom
Yredelemnul
Zin
The Shining One

Annotations:
D:7 3 runed translucent doors, robertstho's ghost, novice MiBe
Lair:5 exclusion: 2 oklob plants


Innate Abilities, Weirdness & Mutations

You reflexively headbutt those who attack you in melee.
You have a pair of horns on your head.


Message History

Your yak zombie gores the plant!
Your seven-headed hydra zombie bites the plant but does no damage.
Your seven-headed hydra zombie bites the plant!
Your seven-headed hydra zombie completely misses the plant.
Your seven-headed hydra zombie bites the plant.
Your seven-headed hydra zombie bites the plant but does no damage. x3
Your flying skull hits the oklob plant!
Your yak zombie gores the oklob plant!
The oklob plant is destroyed!
Yredelemnul accepts your kill. The oklob plant spits acid at you.
The splash of acid hits you!!
* * * LOW HITPOINT WARNING * * *
The acid corrodes you!
You are splashed with acid!
* * * LOW HITPOINT WARNING * * *
The oklob plant spits acid at you. The splash of acid hits you!
* * * LOW HITPOINT WARNING * * *
The acid corrodes you!
You are splashed with acid!
You die...
Your body rises from the dead as a mindless zombie.

### #### ####.# #..# ######.....
##.########## #..P....... ###
##...P##P(P$$# ##.........
##.###.P....#..$@Z# #..........
#....<...####..Zz.# #..........
.........# #$.ZZZ# ##.........
.........## #..ZZZ# ###.........
..Z.......###...PP####.#........#
ZZ.P...P.#.......(.##...........P
Z##.......##.....................
P##.Z.#..........................
##....Z...#....#.................


You could see 2 oklob plants, a friendly flying skull, a friendly crocodile
zombie, a friendly seven-headed hydra zombie, 3 friendly yak zombies, the
friendly Josephine the human zombie, a friendly crocodile skeleton and a
friendly catoblepas skeleton.

Vanquished Creatures
  Josephine (Lair:5)
  4 hydras
  2 two-headed ogres
  A tengu warrior (D:11)
  Urug (Lair:2)
  An unseen horror (D:10)
  A manticore (Lair:4)
  A cyclops (D:10)
  An elephant (Lair:4)
  Joseph (D:10)
  A torpor snail (Lair:4)
  A black mamba (Lair:3)
  A gargoyle (D:10)
  6 spiny frogs
  2 komodo dragons (Lair:3)
  A yaktaur (D:8)
  A tengu conjurer (D:11)
  2 trolls
  2 meliai (Lair:4)
  A queen bee (Lair:4)
  A hornet (D:10)
  6 blink frogs
  3 hippogriffs
  Sigmund (D:3)
  A redback (Lair:2)
  A spriggan (D:7)
  A wraith (Lair:5)
  14 yaks
  3 basilisks
  A hungry ghost (D:8)
  Menkaure (D:7)
  Edmund (D:6)
  An acid dragon (D:9)
  6 porcupines
  11 water moccasins
  3 phantoms
  3 black bears
  4 orc warriors
  2 necrophages
  7 ice beasts
  5 ogres
  3 sky beasts (D:10)
  25 wolves
  5 centaurs
  10 crocodiles
  A big kobold (D:9)
  12 bullfrogs
  A wyvern zombie (D:10)
  3 scorpions
  13 killer bees (Lair:4)
  8 wights
  4 howler monkeys
  An electric eel (D:10)
  6 crimson imps
  2 centaur zombies
  3 bullfrog zombies
  7 hounds
  2 jellies
  5 orc priests
  9 orc wizards
  A bullfrog skeleton (D:11)
  Jessica (D:2)
  4 iguanas
  11 worker ants
  Ijyb (D:2)
  A hound skeleton (D:11)
  3 gnolls (D:5)
  17 adders
  A howler monkey skeleton (D:8)
  4 shadow imps
  An ooze (D:1)
  An adder skeleton (D:4)
  An adder zombie (D:8)
  2 worms (D:6)
  A dart slug (D:2)
  5 leopard geckos
  25 orcs
  4 ball pythons (Sewer)
  8 giant cockroaches
  17 goblins
  10 hobgoblins
  25 jackals
  16 kobolds
  7 quokkas
  8 bats
  3 frilled lizards
  A quokka zombie (D:8)
  11 rats
418 creatures vanquished.

Vanquished Creatures (collateral kills)
  Snorg (Lair:5)
  5 hydras
  2 catoblepae
  5 oklob plants
  3 black mambas
  2 spiny frogs
  A rime drake (Lair:5)
  A meliai (Lair:4)
  4 hippogriffs
  8 blink frogs
  4 wraiths (Lair:5)
  6 yaks
  2 basilisks
  A steam dragon (Lair:4)
  3 porcupines
  4 water moccasins
  A phantom (D:8)
  A black bear (D:7)
  13 wolves
  A bullfrog (Lair:5)
  18 killer bees (Lair:4)
  A hound (D:10)
  An adder (D:11)
  An orc (D:10)
  24 fungi
  14 plants
127 creatures vanquished.

Vanquished Creatures (others)
  A hydra zombie (Lair:5)
  A meliai zombie (Lair:4)
  11 flying skulls
  A wraith (Lair:4)
  A spiny frog zombie (Lair:1)
  A blink frog skeleton (Lair:3)
  A rime drake zombie (Lair:5)
  2 water moccasin zombies (Lair:3)
  A hippogriff skeleton (Lair:5)
  2 wights
  8 wolf zombies
  A bullfrog zombie (Lair:5)
  2 bullfrog skeletons
  A centaur skeleton (D:9)
  3 porcupine skeletons
  7 killer bee zombies (Lair:4)
  A crocodile zombie (Lair:4)
  A crocodile skeleton (Lair:5)
  A mummy (D:11)
  A worker ant zombie (D:9)
  A howler monkey skeleton (D:9)
  A scorpion zombie (D:9)
  An adder skeleton (D:10)
  An adder zombie (D:11)
  An orc skeleton (D:8)
  2 jackal zombies (D:10)
  A leopard gecko zombie (D:8)
  32 fungi
  9 plants
97 creatures vanquished.

Grand Total: 642 creatures vanquished

Notes
Turn   | Place    | Note
-------+----------+-------------------------------------------
     0 | D:1      | BlueFish the Minotaur Fighter began the quest for the Orb.
     0 | D:1      | Reached XP level 1. HP: 19/19 MP: 0/0
   298 | D:1      | Reached XP level 2. HP: 27/27 MP: 1/1
   993 | D:2      | Reached XP level 3. HP: 33/33 MP: 2/2
  1107 | D:2      | Reached skill level 3 in Long Blades
  1113 | D:2      | Noticed Jessica
  1117 | D:2      | Killed Jessica
  1117 | D:2      | Reached XP level 4. HP: 37/41 MP: 3/3
  1478 | D:2      | Reached skill level 1 in Dodging
  1561 | D:2      | Found an ornate altar of the Wu Jian Council.
  1698 | D:2      | Noticed Ijyb
  1713 | D:2      | Killed Ijyb
  1713 | D:2      | Reached skill level 4 in Long Blades
  1713 | D:2      | Reached XP level 5. HP: 42/47 MP: 4/4
  1818 | D:3      | Reached skill level 5 in Armour
  2019 | D:3      | Noticed Sigmund
  2028 | D:3      | Killed Sigmund
  2028 | D:3      | Reached skill level 5 in Fighting
  2028 | D:3      | Reached skill level 5 in Long Blades
  2028 | D:3      | Reached XP level 6. HP: 56/56 MP: 5/5
  2641 | D:4      | Reached skill level 6 in Long Blades
  2809 | D:4      | Reached XP level 7. HP: 37/61 MP: 6/6
  3591 | D:5      | Entered Level 5 of the Dungeon
  3600 | D:5      | Reached skill level 7 in Long Blades
  4184 | D:5      | Reached XP level 8. HP: 68/71 MP: 7/7
  4336 | D:5      | Reached skill level 8 in Long Blades
  4443 | D:5      | Found a shimmering altar of Xom.
  4719 | D:6      | Found a staircase to the Ecumenical Temple.
  4731 | Temple   | Entered the Ecumenical Temple
  4744 | Temple   | Became a worshipper of Yredelemnul the Dark
  4828 | D:6      | Found a glowing drain.
  4862 | Sewer    | Entered a sewer
  5115 | Sewer    | Reached * piety under Yredelemnul
  5612 | D:6      | Found a snail-covered altar of Cheibriados.
  5867 | D:6      | Reached skill level 9 in Long Blades
  6032 | D:6      | Noticed Edmund
  6042 | D:6      | Killed Edmund
  6303 | D:7      | Found a runed translucent gate.
  6303 | D:7      | Found a runed translucent gate.
  6303 | D:7      | Found an opulent altar of Gozag.
  6304 | D:7      | Found a runed translucent gate.
  6304 | D:7      | Noticed an unseen horror
  6304 | D:7      | Noticed robertstho's ghost (novice MiBe)
  6304 | D:7      | Noticed a white ugly thing
  6393 | D:7      | Reached skill level 1 in Invocations
  6497 | D:7      | Noticed Menkaure
  6505 | D:7      | Killed Menkaure
  6505 | D:7      | Reached XP level 9. HP: 60/79 MP: 7/9
  6575 | D:7      | Reached skill level 10 in Long Blades
  7359 | D:8      | Reached skill level 11 in Long Blades
  7363 | D:8      | Reached ** piety under Yredelemnul
  7978 | D:8      | Noticed a yaktaur
  7988 | D:8      | Killed a yaktaur
  8284 | D:9      | Reached XP level 10. HP: 74/90 MP: 11/11
  8660 | D:9      | Reached skill level 12 in Long Blades
  9008 | D:9      | Found a staircase to the Lair.
  9436 | D:10     | Entered Level 10 of the Dungeon
  9442 | D:10     | Noticed a cyclops
  9450 | D:10     | Killed a cyclops
  9774 | D:10     | Reached *** piety under Yredelemnul
  9913 | D:10     | Noticed a gargoyle
  9924 | D:10     | Killed a gargoyle
  9924 | D:10     | Reached skill level 10 in Armour
  9926 | D:10     | Reached skill level 13 in Long Blades
 10112 | D:10     | Noticed a two-headed ogre
 10120 | D:10     | Killed a two-headed ogre
 10120 | D:10     | Reached skill level 5 in Invocations
 10605 | D:10     | Reached XP level 11. HP: 91/97 MP: 13/13
 11033 | D:10     | Noticed an unseen horror
 11043 | D:10     | Killed an unseen horror
 11043 | D:10     | Received a gift from Yredelemnul (a mummy)
 11321 | D:10     | Noticed Joseph
 11350 | D:10     | Found a staircase to the Orcish Mines.
 11712 | D:10     | Killed Joseph
 11712 | D:10     | Reached skill level 10 in Fighting
 12102 | D:11     | Reached skill level 14 in Long Blades
 12296 | D:11     | Noticed a two-headed ogre
 12304 | D:11     | Killed a two-headed ogre
 12625 | D:11     | Noticed a tengu warrior
 12631 | D:11     | Killed a tengu warrior
 13048 | Lair:1   | Entered Level 1 of the Lair of Beasts
 13179 | Lair:1   | Received a gift from Yredelemnul (a wight)
 13312 | Lair:1   | Noticed a six-headed hydra
 13325 | Lair:1   | Killed a six-headed hydra
 13325 | Lair:1   | Reached skill level 15 in Long Blades
 13330 | Lair:1   | Reached XP level 12. HP: 49/108 MP: 15/15
 13966 | Lair:2   | Noticed Urug
 13972 | Lair:2   | Killed Urug
 14187 | Lair:2   | Found a hole to the Spider Nest.
 14424 | Lair:2   | Found a staircase to the Swamp.
 14801 | Lair:2   | You fall into a shaft and drop 1 floor!
 15236 | Lair:3   | Reached **** piety under Yredelemnul
 15616 | Lair:3   | Received a gift from Yredelemnul (5 flying skulls)
 15791 | Lair:3   | Received a gift from Yredelemnul (a wight)
 16066 | Lair:3   | Reached skill level 5 in Shields
 16422 | Lair:3   | Noticed a seven-headed hydra
 16435 | Lair:3   | Killed a seven-headed hydra
 16460 | Lair:3   | Received a gift from Yredelemnul (4 flying skulls)
 16908 | Lair:4   | Noticed an eight-headed hydra
 16916 | Lair:4   | Killed an eight-headed hydra
 17117 | Lair:4   | Noticed a five-headed hydra
 17125 | Lair:4   | Killed a five-headed hydra
 17180 | Lair:4   | Reached XP level 13. HP: 112/117 MP: 14/17
 17195 | Lair:4   | Reached ***** piety under Yredelemnul
 17195 | Lair:4   | Reached skill level 1 in Short Blades
 17211 | Lair:4   | Received a gift from Yredelemnul (a wraith)
 17720 | Lair:4   | Found a runed translucent door.
 18054 | Lair:5   | Reached skill level 16 in Long Blades
 18411 | Lair:5   | Noticed Snorg
 18419 | Lair:5   | Killed Snorg
 18437 | Lair:5   | Received a gift from Yredelemnul (3 flying skulls)
 18438 | Lair:5   | Noticed Josephine
 18449 | Lair:5   | Killed Josephine
 19043 | Lair:5   | Splashed by an oklob plant's acid

Levels and vault maps discovered:
D:1:      lightli_arrival_boilingwater, layout_basic
D:2:      kennysheep_the_goblin_king, layout_loops_ring, lemuel_round_altar,
          uniq_jessica
D:3:      layout_rooms, first_ration, uniq_sigmund
D:4:      kb_forest_paths, layout_basic
D:5:      layout_loops_ring, tgw_xom
D:6:      layout_gridville, minmay_temple_entry_antechambers, basic_altar,
          cheibrodos_sewer_entry_bend, uniq_edmund
D:7:      layout_rooms, ebering_ghost_gozag, minmay_misc_feat_iff, the_bakery,
          uniq_menkaure
D:8:      layout_rooms, minmay_misc_feat_roman, minmay_three_doors
D:9:      layout_basic, due_lair_maze_entry_diamond
D:10:     minmay_polygon_palace, layout_basic, serial_co_window_serial,
          co_window_paths_b, co_window_corner_a, co_window_paths_a,
          co_window_corner_a, co_window_paths_a, co_window_cross_1,
          co_window_paths_b, co_window_unsneaky_path_d, co_window_corner_ca,
          co_window_paths_d, co_window_paths_e, uniq_joseph
D:11:     layout_irregular_city
Temple:   regret_index_temple_chain_breaker
Lair:1:   layout_chaotic_city, lemuel_fruit_fields, grunt_megastairs_4,
          infiniplex_staircase_pool_2, lemuel_fruit_fields
Lair:2:   layout_long_grid, swamp_mist, spider_nest_entry_webs, uniq_urug
Lair:3:   layout_cave_pods, grunt_forest_large_clearings
Lair:4:   regret_index_harrowing_hell_hive, layout_regular_city, pf_torpor_hydra
Lair:5:   layout_gridlike, patterned_corridor, minmay_lair_oklob_chamber,
          uniq_snorg, uniq_josephine

Skill      XL: |  1  2  3  4  5  6  7  8  9 10 11 12 13 |
---------------+----------------------------------------+-----
Fighting       | 4 5 6 7 8 9 10 11 12 | 12.7
Armour         | 4 5 6 7 9 10 11 13 14 | 14.5
Long Blades    | 3 4 5 6 7 9 11 13 15 16 | 16.2
Dodging        | 1 2 3 |  3.9
Invocations    | 1 3 5 6 7 8 |  8.2
Shields        | 5 6 |  6.6
Short Blades   | 2 |  2.3

Action                   |  1- 3 |  4- 6 |  7- 9 | 10-12 | 13-15 || total
-------------------------+-------+-------+-------+-------+-------++-------
Melee: Long sword        |    52 |   128 |   383 |   255 |   146 ||   964
       Headbutt          |     6 |    21 |    94 |   157 |    90 ||   368
       Great sword       |       |       |       |   235 |       ||   235
       Dagger            |       |       |       |    28 |    75 ||   103
Invok: Animate Remains   |       |       |    14 |    15 |       ||    29
       Animate Dead      |       |       |       |    39 |    12 ||    51
       Recall Undead Sla |       |       |       |     3 |     3 ||     6
       Drain Life        |       |       |       |     1 |     2 ||     3
  Use: Scroll            |     4 |     7 |     7 |     8 |       ||    26
       Potion            |       |       |       |       |     3 ||     3
 Stab: Distracted        |       |       |       |     3 |     3 ||     6
       Petrified         |       |       |       |       |     2 ||     2
  Eat: Chunk             |     1 |     4 |    34 |    55 |     2 ||    96
       Ration            |       |       |       |       |     1 ||     1
Armor: Scale mail        |    24 |    54 |       |       |       ||    78
       Ring mail         |       |     6 |    96 |       |       ||   102
       Plate armour      |       |       |    47 |   313 |   178 ||   538
Dodge: Dodged            |    25 |   111 |   209 |   276 |   111 ||   732
Block: Buckler           |       |       |       |    59 |    67 ||   126
       Rpst.: Long sword |     3 |    30 |    62 |    36 |    20 ||   151
       Great sword       |       |       |       |    32 |       ||    32

Table legend:
 A = Non-vault XP
 B = Vault XP
 C = Vault XP percentage of total XP
 D = Non-vault monster count
 E = Vault monster count
 F = Vault count percentage of total count
                 A         B        C        D         E       F
            +---------+---------+-------+---------+---------+-------
      Total |   33979 |   20895 |  38.1 |     347 |     160 |  31.6
            +---------+---------+-------+---------+---------+-------
        D:1 |      37 |       0 |   0.0 |      21 |       0 |   0.0
        D:2 |      85 |      83 |  49.4 |      27 |       8 |  22.9
        D:3 |      87 |     223 |  71.9 |      24 |       1 |   4.0
        D:4 |     406 |      93 |  18.6 |      15 |       4 |  21.1
        D:5 |     732 |      43 |   5.5 |      28 |       3 |   9.7
        D:6 |     274 |     179 |  39.5 |       9 |       3 |  25.0
        D:7 |     440 |     395 |  47.3 |       9 |       2 |  18.2
        D:8 |    1661 |     393 |  19.1 |      29 |       3 |   9.4
        D:9 |    1822 |     963 |  34.6 |      30 |       8 |  21.1
       D:10 |    3878 |    1779 |  31.4 |      32 |      11 |  25.6
       D:11 |    5296 |       0 |   0.0 |      30 |       0 |   0.0
     Lair:1 |    3508 |       0 |   0.0 |      16 |       0 |   0.0
     Lair:2 |     476 |    1035 |  68.5 |       4 |       2 |  33.3
     Lair:3 |    7488 |    2278 |  23.3 |      36 |      23 |  39.0
     Lair:4 |    2926 |    8769 |  75.0 |      16 |      57 |  78.1
     Lair:5 |    4863 |    4545 |  48.3 |      21 |      13 |  38.2
      Sewer |       0 |     117 | 100.0 |       0 |      22 | 100.0
            +---------+---------+-------+---------+---------+-------
